 Dungeon Crawl Stone Soup version 0.31-a0-836-g3ceb0a68c4 (webtiles) character file.

Game seed: 9585929127618430967

533 lunkers the Grappler (level 7, 0/52 HPs)
             Began as a Meteoran Shapeshifter on Sept 26, 2023.
             Was an Initiate of Gozag.
             Slain by Edmund
             ... wielding a +5 flail of protection
              (10 damage)
             ... on level 5 of the Dungeon.
             The game lasted 00:05:39 (1987 turns).

lunkers the Grappler (Meteoran Shapeshifter)        Turns: 1987, Time: 00:05:40

Health: 0/52       AC:  5    Str: 17    XL:     7   Next: 79%
Magic:  8/8        EV: 11    Int: 11    God:    Gozag
Gold:   394        SH:  0    Dex: 15    Spells: 6/6 levels left

rFire   . .          .
                       - Unarmed
rCold   . . .        (no shield)
rNeg    . . .        m - +0 ring mail
rPois   .            (helmet currently unavailable)
rElec   .            (cloak currently unavailable)
rCorr   .            (gloves currently unavailable)
SInv    .            (boots currently unavailable)
Will    .....        (no amulet)
Stlth   +            (no ring)
HPRegen 0.28/turn    (no ring)
MPRegen 0.11/turn

%: no passive effects
@: beast-form, glowing
A: beast (slay +3), sense surroundings 1, otherworldly, glowing, explore regen
a: Begin Untransformation, Renounce Religion, Potion Petition, Call Merchant,
Bribe Branch


You were on level 5 of the Dungeon.
You worshipped Gozag.
Gozag was aware of your devotion.
You were a hulking beast.
You visited 1 branch of the dungeon, and saw 5 of its levels.

You collected 428 gold pieces.
You paid 34 gold pieces to Gozag.

Inventory:

Armour
 a - a +0 animal skin
 m - a +0 ring mail (worn)
 t - a +0 cloak
Jewellery
 l - a ring of fire
Talismans
 c - a beast talisman (active)
 d - a flux talisman
Wands
 e - a wand of flame (1)
 s - a wand of polymorph (1)
Potions
 b - a potion of mutation
 f - a potion of cancellation
 g - a potion of enlightenment {unknown}
 i - a potion of heal wounds
 j - a potion of magic {unknown}
 k - 2 potions of might {unknown}
 o - a potion of haste {unknown}
 r - a potion of resistance {unknown}


   Skills:
 - Level 1.1 Fighting
 - Level 2.1 Dodging
 * Level 8.2 Unarmed Combat
 + Level 5.9 Shapeshifting


You had 6 spell levels left.
You didn't know any spells.
Your spell library contained the following spells:

 Spells                   Type           Power      Damage    Failure   Level
 Shock                    Conj/Air       0%         1d3       54%         1
 Swiftness                Air            0%         N/A       89%         3
 Tukima's Dance           Hex            0%         N/A       89%         3
 Airstrike                Air            0%         2d(0-16)  100%        4
 Passage of Golubria      Tloc           0%         N/A       100%        4
 Yara's Violent Unravell  Hex/Tmut       0%         3d3       100%        5


Dungeon Overview and Level Annotations

Branches:
Dungeon (5/15) Zot: 1038
 Temple: D:4-7

Altars:
Dithmenos
Gozag
Zin

Annotations:
D:5 Edmund


Innate Abilities, Weirdness & Mutations

You are a hulking beast.
Your limbs bulge with bestial killing power. (Slay +3)
You passively map a small area around you.
You are easily found by Zot.
You glow in the dark.
You regain HP and MP as you explore.


Message History

You barely miss Edmund.
Edmund is lightly wounded.
Unknown command.
You hit Edmund but do no damage.
Edmund is lightly wounded.
Edmund hits you with a +5 flail of protection!
* * * LOW HITPOINT WARNING * * *
Unknown command.
You feel much better.
Edmund hits you with a +5 flail of protection!
* * * LOW HITPOINT WARNING * * *
Aiming: Throw Flame
Press: ? - help, Shift-Dir - straight line, f - Edmund
Aim: Edmund, wielding a +5 flail of protection and wearing a +3 ring mail of fire resistance (lightly wounded, 72% to hit)
The puff of flame hits Edmund but does no damage.
Edmund is lightly wounded.
Edmund closely misses you.
Aiming: Throw Flame
Press: ? - help, Shift-Dir - straight line, f/p - Edmund
Aim: Edmund, wielding a +5 flail of protection and wearing a +3 ring mail of fire resistance (lightly wounded, 72% to hit)
The puff of flame hits Edmund.
Edmund resists.
Edmund is moderately wounded.
Edmund hits you with a +5 flail of protection.
* * * LOW HITPOINT WARNING * * *
Aiming: Throw Flame
Press: ? - help, Shift-Dir - straight line, f/p - Edmund
Aim: Edmund, wielding a +5 flail of protection and wearing a +3 ring mail of fire resistance (moderately wounded, 72% to hit)
The puff of flame hits Edmund.
Edmund completely resists.
Edmund is moderately wounded.
Edmund hits you with a +5 flail of protection!
* * * LOW HITPOINT WARNING * * *
Aiming: Throw Flame
Press: ? - help, Shift-Dir - straight line, f/p - Edmund
Aim: Edmund, wielding a +5 flail of protection and wearing a +3 ring mail of fire resistance (moderately wounded, 72% to hit)
The puff of flame hits Edmund.
Edmund resists.
Edmund is moderately wounded.
Edmund hits you with a +5 flail of protection!
You die...
Edmund whines, "They better pay attention to me now!"
Your body crumbles into a pile of gold.

#..........##..##
#...............#
#...........###.#
...........####.#
.....<....)...#.#
..............#.#
.......<...####.#
............###.########
#...........##..h@......
#.......................
#..........###..........
......>....# #.###.#####
##........## ..* *.#
#........# .##* .#
............ , #
.#........... ,
.............


You could see Edmund.

Vanquished Creatures
  A bullfrog (D:5)
  4 scorpions
  A howler monkey (D:3)
  A hound (D:5)
  An iguana (D:5)
  An orc wizard (D:4)
  Robin (D:4)
  2 adders
  4 dart slugs
  3 orcs
  7 ball pythons
  3 endoplasms
  2 giant cockroaches (D:1)
  13 goblins
  7 hobgoblins
  11 kobolds
  7 quokkas
  6 bats
  3 frilled lizards
  5 rats
83 creatures vanquished.

Notes
Turn   | Place    | Note
-------+----------+-------------------------------------------
     0 | D:1      | lunkers the Meteoran Shapeshifter began the quest for the
                  | Orb.
     0 | D:1      | Reached XP level 1. HP: 16/16 MP: 2/2
   203 | D:1      | Reached skill level 4 in Unarmed Combat
   203 | D:1      | Reached XP level 2. HP: 23/23 MP: 3/3
   299 | D:1      | Reached XP level 3. HP: 17/28 MP: 4/4
   414 | D:2      | Noticed a scorpion
   426 | D:2      | Killed a scorpion
   427 | D:2      | Reached skill level 5 in Unarmed Combat
   427 | D:2      | Reached XP level 4. HP: 4/35 MP: 5/5
   428 | D:2      | HP: 2/52 [poisoned by a scorpion]
   431 | D:2      | Reached XP level 5. HP: 2/40 MP: 6/6
  1119 | D:3      | Found an opulent altar of Gozag.
  1230 | D:3      | Became a worshipper of Gozag Ym Sagoz the Greedy
  1314 | D:3      | Reached skill level 6 in Unarmed Combat
  1404 | D:3      | Found a shadowy altar of Dithmenos.
  1405 | D:3      | Found a glowing silver altar of Zin.
  1463 | D:3      | Reached XP level 6. HP: 28/47 MP: 7/7
  1530 | D:4      | Reached skill level 5 in Shapeshifting
  1581 | D:4      | Noticed Robin
  1642 | D:4      | Reached skill level 7 in Unarmed Combat
  1653 | D:4      | Killed Robin
  1691 | D:4      | Reached XP level 7. HP: 39/52 MP: 8/8
  1929 | D:5      | Entered Level 5 of the Dungeon
  1941 | D:5      | Reached skill level 8 in Unarmed Combat
  1967 | D:5      | Noticed Edmund
  1987 | D:5      | Slain by Edmund

Illustrated notes

Levels and vault maps discovered:
D:1:      lightli_arrival_statuegarden, layout_rooms
D:2:      layout_basic, basic_altar, uniq_crazy_yiuf_cottage, uniq_natasha
D:3:      layout_loops_ring, nicolae_sif_muna_little_library,
          grunt_gozag_breadcrumbs, lemuel_crystal_altar,
          gammafunk_temple_overflow_pools, st_stairs_10
D:4:      layout_basic, kennysheep_opposing_triangles, uniq_robin
D:5:      layout_rooms, minmay_temple_entry_nine_rooms, uniq_edmund

Skill      XL: |  1  2  3  4  5  6  7 |
---------------+----------------------+-----
Unarmed Combat | 4 5 6 7 8 |  8.2
Shapeshifting  | 4 5 |  5.9
Fighting       | |  1.1
Dodging        | |  2.1

Action                     |  1- 3 |  4- 6 |  7- 9 || total
---------------------------+-------+-------+-------++-------
  Melee: Unarmed           |    43 |   141 |    37 ||   221
         Punch             |       |     5 |     4 ||     9
  Evoke: Wand              |       |       |     4 ||     4
    Use: Potion            |     1 |       |     1 ||     2
         Scroll            |       |     8 |       ||     8
 Armour: Animal skin       |    19 |       |       ||    19
         Ring mail         |     8 |    87 |    25 ||   120
         Skin              |     1 |     3 |       ||     4
  Dodge: Dodged            |    24 |    85 |    15 ||   124

Table legend: (Time is in decaauts)
 A = Elapsed time spent in this place.
 B = Non-inter-level travel time spent in this place.
 C = Inter-level travel time spent in this place.
 D = Time resting spent in this place.
 E = Time spent auto-exploring this place.
 F = Levels seen in this place.
 G = Mean time per level.
                   A        B        C        D        E       F      G
               +--------+--------+--------+--------+--------+-----+--------+
         Total |   1960 |   1876 |     84 |     44 |   1267 |   5 |  392.0 |
       Dungeon |   1960 |   1876 |     84 |     44 |   1267 |   5 |  392.0 |
               +--------+--------+--------+--------+--------+-----+--------+

Top non-repeatable levels by time:
     D:3: 543 daAuts
     D:2: 514 daAuts
     D:4: 437 daAuts
     D:1: 410 daAuts
     D:5: 54 daAuts
